 Dungeon Crawl Stone Soup version 0.24.0-2-g5b39cebb1c (webtiles) character file.

Game seed: 9060930224250249284, levelgen mode: deterministic

43 iamserjio the Chiller (level 3, -1/26 HPs)
             Began as an Octopode Wanderer on Oct 31, 2019.
             Slain by an adder (4 damage)
             ... on level 2 of the Dungeon.
             The game lasted 00:01:01 (1405 turns).

iamserjio the Chiller (Octopode Wanderer)           Turns: 1405, Time: 00:01:01

Health: -1/26      AC:  1    Str:  9    XL:     3   Next: 58%
Magic:  3/3        EV: 13    Int: 15    God:
Gold:   63         SH:  0    Dex: 13    Spells: 1/2 levels left

rFire    . . .     SeeInvis .   e - +0 short sword
rCold    . . .     Gourm    .   (no shield)
rNeg     . . .     Faith    .   (helmet restricted)
rPois    .         Spirit   .   (no amulet)
rElec    .         Reflect  .   (no ring)
rCorr    .         Harm     .   (no ring)
MR       .....                  (no ring)
Stlth    +++.......             (no ring)
HPRegen  0.08/turn              (no ring)
MPRegen  0.08/turn              (no ring)
                                (no ring)
                                (no ring)

@: no status effects
A: almost no armour, stealthy swim, amphibious, 8 rings, constrict 8, camouflage
1, gelatinous body 1
a: no special abilities


You were on level 2 of the Dungeon.
You were hungry.

You visited 1 branch of the dungeon, and saw 2 of its levels.

You collected 63 gold pieces.

Inventory:

Hand Weapons
 a - a +0 dagger
 e - a +0 short sword (weapon)
Jewellery
 c - a +1 ring of protection {unknown}
 j - an uncursed amulet of the acrobat {unknown}
Scrolls
 b - a scroll of teleportation {@r3}
 h - a scroll of magic mapping {unknown}
 i - a scroll of enchant armour {unknown}
Potions
 g - 2 potions of lignification {unknown}
Comestibles
 d - 2 rations
 f - 3 chunks of flesh


   Skills:
 * Level 3.0 Fighting
   Level 3.0 Bows
 - Level 1.0 Throwing
 * Level 2.1 Dodging
 - Level 1.3 Stealth
 - Level 3.0 Ice Magic


You had one spell level left.
You knew the following spells:

 Your Spells              Type           Power        Failure   Level  Hunger
a - Freeze                Ice            #...         8%          1    ##.....

Your spell library contained the following spells:

 Spells                   Type           Power        Failure   Level  Hunger
 Throw Frost              Conj/Ice       #.....       22%         2    ###....
 Ozocubu's Armour         Chrm/Ice       #.......     41%         3    ####...
 Summon Ice Beast         Ice/Summ       #.......     82%         4    #####..
 Throw Icicle             Conj/Ice       #.......     82%         4    #####..


Dungeon Overview and Level Annotations

Branches:
Dungeon (2/15)

Altars:


Innate Abilities, Weirdness & Mutations

You cannot wear most types of armour.
You are very stealthy in the water. (Stealth+)
You are amphibious.
You can wear up to eight rings at the same time.
You can use your tentacles to constrict eight enemies at once.
Your skin changes colour to match your surroundings (Stealth+).
Your rubbery body absorbs attacks. (AC +1, EV +1)


Message History

The adder barely misses you. The frilled lizard closely misses you.
The adder closely misses you.
You hit the adder. Your grab misses the adder. The adder misses you.
The frilled lizard bites you but does no damage.
The adder hisses angrily.
You hit the adder. Your grab misses the adder.
The adder bites you but does no damage. The frilled lizard misses you.
The adder bites you.
* * * LOW HITPOINT WARNING * * *
You are feeling hungry.
You barely miss the adder. Your grab misses the adder.
The frilled lizard closely misses you. The adder barely misses you.
You hit the adder but do no damage. Your grab misses the adder.
The frilled lizard closely misses you. The adder bites you.
* * * LOW HITPOINT WARNING * * *
The frilled lizard hisses.
The frilled lizard closely misses you.
You closely miss the adder. You grab the adder. You constrict the adder.
The adder bites you.
You die...

#.# . #######.# ..
########.....#.#####.#.
#......#.....#.........
###.)......รท...#.#..
##$$#.............?...
#
#.#)#.........#.##.###
#.. .[b#..###<...#.# ..
#...#l#@.########.# ##
#.SsSl....... ..#
#...#w#.##[.... #.# #..
...#........ ... #
#.#.##.#..... #.# ##!!
.. .... ## #.. =.. .##
# ..


You could see 2 adders, a dart slug, a giant cockroach and a frilled lizard.

Vanquished Creatures
  An adder (D:2)
  An ooze (D:1)
  A dart slug (D:1)
  2 leopard geckos
  A giant cockroach (D:1)
  6 hobgoblins
  5 kobolds
  3 bats
  A frilled lizard (D:2)
  5 rats
26 creatures vanquished.

Notes
Turn   | Place    | Note
-------+----------+-------------------------------------------
     0 | D:1      | iamserjio the Octopode Wanderer began the quest for the
                  | Orb.
     0 | D:1      | iamserjio set off with the following items: a +0 dagger, a
                  | scroll of teleportation {@r3}, a ration; and the following
                  | spell memorised: Freeze; and the following spells available
                  | to memorise: Throw Frost, Ozocubu's Armour, Summon Ice
                  | Beast, Throw Icicle
     0 | D:1      | Reached XP level 1. HP: 14/14 MP: 1/1
   148 | D:1      | Reached skill level 1 in Dodging
   148 | D:1      | Reached XP level 2. HP: 14/20 MP: 2/2
  1039 | D:1      | Reached XP level 3. HP: 23/25 MP: 3/3
  1405 | D:2      | Slain by an adder

Levels and vault maps discovered:
D:1:      dpeg_arrival_arbitrary_a, layout_basic, minmay_pentomino_s4
D:2:      minmay_spotlight, layout_basic, elyvilon_altar_3

Skill      XL: |  1  2  3 |
---------------+----------+-----
Dodging        | 1 2 |  2.1
Fighting       | 3 |  3.0
Bows           | |  3.0
Throwing       | |  1.0
Stealth        | |  1.3
Ice Magic      | |  3.0

Action                   || total
-------------------------++-------
Melee: Dagger            ||    13
       Constrict         ||    16
       Tentacles         ||    13
       Short sword       ||    49
 Stab: Sleeping          ||     9
  Eat: Chunk             ||     1
Armor: Skin              ||     5
Dodge: Dodged            ||    44
